 Dungeon Crawl Stone Soup version 0.22-a0-608-g8a62e23 (webtiles) character file.

44 sking99 the Insei (level 3, 0/29 HPs)
             Began as a Draconian Transmuter on July 9, 2018.
             Succumbed to an adder's poison
             ... on level 2 of the Dungeon.
             The game lasted 00:02:17 (1088 turns).

sking99 the Insei (Draconian Transmuter)            Turns: 1088, Time: 00:02:17

Health: 0/29       AC:  5    Str: 11 (12) XL:     3   Next: 39%
Magic:  2/6        EV: 17    Int: 11 (13) God:
Gold:   71         SH:  0    Dex: 16 (17) Spells: 3/6 levels left

rFire    . . .     SeeInvis .     - Unarmed
rCold    . . .     Gourm    .   (no shield)
rNeg     . . .     Faith    .   (armour unavailable)
rPois    .         Spirit   .   (helmet restricted)
rElec    .         Reflect  .   (no cloak)
rCorr    .         Harm     .   (no gloves)
MR       .....                  (no boots)
Stlth    ++........             (no amulet)
HPRegen  0.09/turn              (no ring)
MPRegen  0.10/turn              (no ring)

@: agile, lethally poisoned (0 -> -1), very slightly contaminated
A: unfitting armour, cold-blooded, AC +5
a: no special abilities


You were on level 2 of the Dungeon.
You were very hungry.

You visited 1 branch of the dungeon, and saw 2 of its levels.

You collected 71 gold pieces.

Inventory:

Missiles
 a - 8 arrows
Scrolls
 b - 2 scrolls of identify {unknown}
 f - a scroll of fear {unknown}
 g - a scroll of remove curse {unknown}
Comestibles
 c - 2 rations


   Skills:
 + Level 2.0 Fighting
 - Level 1.7 Dodging
 * Level 3.8 Unarmed Combat
 - Level 2.0 Spellcasting
 + Level 2.5 Transmutations


You had 3 spell levels left.
You knew the following spells:

 Your Spells              Type           Power        Failure   Level  Hunger
a - Beastly Appendage     Tmut           #.....       11%         1    ##.....
b - Sticks to Snakes      Tmut           #.......     16%         2    ###....

Your spell library contained the following spells:

 Spells                   Type           Power        Failure   Level  Hunger
 Spider Form              Tmut/Pois      #.........   45%         3    ####...
 Blade Hands              Tmut           #.........   96%         5    ######.
 Ice Form                 Ice/Tmut       #.......     86%         4    #####..


Dungeon Overview and Level Annotations

Branches:
Dungeon (2/15)

Altars:


Innate Abilities, Weirdness & Mutations

Your plain brown scales are hard. (AC +5)
You cannot fit into any form of body armour.
You are cold-blooded and may be slowed by cold attacks.


Message History

The adder poisons you!
You hit the adder.
You kill the adder!
* * * LOW HITPOINT WARNING * * *
You feel sick. The worm barely misses you.
You see here an adder corpse.
The worm misses you.
* * * LOW HITPOINT WARNING * * *
You feel sick.
Unknown command.
* * * LOW HITPOINT WARNING * * *
You feel sick.
You are too injured to fight recklessly!
The worm misses you.
Casting: Sticks to Snakes (safe; 16% risk of failure)
Confirm with . or Enter, or press ? or * to list all spells.
You create a snake!
You now have 8 arrows.
You are feeling very hungry.
You drop a potion of degeneration.
You die...

#......# #.#.##<#
#.#.##÷##
##..##..##
#....†...##
#..........##
#....>......#
##.......w#......
#.......@#......
(..........S.....
#.................
###........##.....
##..##..## #....
#... #### #... #..
#+# ..


You could see a worm and a friendly ball python.

Vanquished Creatures
  An adder (D:2)
  A gnoll (D:1)
  2 dart slugs (D:1)
  A leopard gecko (D:1)
  3 goblins (D:1)
  2 hobgoblins (D:2)
  A jackal (D:2)
  A ball python (D:1)
  5 bats
  5 frilled lizards (D:1)
  2 kobolds (D:1)
  5 rats (D:1)
29 creatures vanquished.

Vanquished Creatures (collateral kills)
  A bat (D:1)
1 creature vanquished.

Grand Total: 30 creatures vanquished

Notes
Turn   | Place    | Note
-------+----------+-------------------------------------------
     0 | D:1      | sking99 the Draconian Transmuter began the quest for the Orb.
     0 | D:1      | Reached XP level 1. HP: 16/16 MP: 3/3
   108 | D:1      | Reached XP level 2. HP: 20/23 MP: 5/5
   498 | D:1      | Learned a level 2 spell: Sticks to Snakes
   624 | D:1      | Reached XP level 3. HP: 29/29 MP: 6/6
  1080 | D:2      | HP: 1/29 [poisoned by an adder]
  1088 | D:2      | Succumbed to an adder's poison

Vault maps used:
D:1:      dpeg_arrival_windows_large_door, hangedman_decor_push,
          serial_bayou_pond_e
D:2:      tgw_xom, first_ration, st_stairs_5

Skill      XL: |  1  2  3 |
---------------+----------+-----
Fighting       | 2 |  2.0
Dodging        | |  1.7
Unarmed Combat | |  3.8
Spellcasting   | |  2.0
Transmutations | |  2.5

Action                   || total
-------------------------++-------
Melee: Unarmed           ||   108
       Punch             ||     1
       Tailslap          ||     1
 Cast: Sticks to Snakes  ||     4
  Use: Scroll            ||     1
       Potion            ||     2
Armor: Skin              ||    55
Dodge: Dodged            ||   110

Table legend:
 A = Spawn XP
 B = Non-spawn XP
 C = Spawn XP percentage of total XP
 D = Spawn monster count
 E = Non-spawn monster count
 F = Spawn count percentage of total count
 G = Total turns spent on level
                    A         B        C        D         E        F      G
               +---------+---------+-------+---------+---------+-------+---------
         Total |       0 |      63 |   0.0 |       0 |      30 |   0.0 |  1088
               +---------+---------+-------+---------+---------+-------+---------
           D:1 |       0 |      44 |   0.0 |       0 |      25 |   0.0 |  1012
           D:2 |       0 |      19 |   0.0 |       0 |       5 |   0.0 |    76
               +---------+---------+-------+---------+---------+-------+---------
